 Dungeon Crawl Stone Soup version 0.29-a0-96-g93358da72b (webtiles) character file.

Game seed: 15095163620140459005

121643 Conn the Eclecticist (level 16, -3/136 HPs)
             Began as an Octopode Fire Elementalist on Feb 3, 2022.
             Was an Elder of Sif Muna.
             Slain by a +4 halberd of venom (16 damage)
             ... on level 1 of the Elven Halls on Feb 13, 2022.
             The game lasted 03:08:35 (38755 turns).

Conn the Eclecticist (Octopode Fire Elementalist)  Turns: 38755, Time: 03:08:36

Health: -3/136     AC: 36    Str:  4    XL:     16   Next: 85%
Magic:  22/44      EV:  2    Int: 27    God:    Sif Muna [****..]
Gold:   1437       SH:  5    Dex: 14    Spells: 1/45 levels left

rFire   + + .      SeeInvis .   a - staff of fire
rCold   + . .      Faith    .   Q - +0 buckler
rNeg    + . .      Spirit   .   (helmet currently unavailable)
rPois   +          Reflect  .   N - amulet of the Four Winds {rN+ Will+++ Clar}
rElec   .          Harm     .   S - +4 ring of protection
rCorr   .          Rampage  .   e - +4 ring of protection
Will    ++++.      Clarity  +   w - ring of protection from cold
Stlth   +++....... NoTele   +   u - ring of magical power
HPRegen 0.32/turn               F - ring of fire
MPRegen 0.29/turn               v - ring of ice
                                K - ring of wizardry
                                J - ring "Rysoront" {rPois rF+ Int+4}

@: lethally poisoned (-3 -> -44), tree-form
A: stationary, stasis, torment immunity, boosted hp, almost no armour,
(amphibious), 8 rings, (camouflage 1), (gelatinous body 1), (nimble swimmer 1),
(tentacles), (iridescent scales 2), weak 2
a: Renounce Religion, Channel Magic, Forget Spell, Divine Exegesis


You were on level 1 of the Elven Halls.
You worshipped Sif Muna.
Sif Muna was greatly pleased with you.
You were a tree.
You visited 6 branches of the dungeon, and saw 26 of its levels.
You also visited: Gauntlet.

You collected 2395 gold pieces.
You spent 958 gold pieces at shops.

Inventory:

Hand Weapons
 b - the +3 Elemental Staff {rElec rF++ rC++ AC+5}
   (You acquired it on level 4 of the Lair of Beasts)

   If the wielder is skilled in Evocations, they can discharge powerful blasts
   of elemental energy when striking with it.
   It enhances your fire, ice, earth and air magic.
   AC:        It affects your AC (+5).
   rF:        It greatly protects you from fire.
   rC:        It greatly protects you from cold.
   rElec:     It insulates you from electricity.
 A - a +6 dagger of draining
Missiles
 R - 2 throwing nets
Armour
 h - a +2 hat (melded)
 p - an orb of light
 Q - a +0 buckler (worn)
Magical Staves
 a - a staff of fire (weapon)
 c - a staff of air
 r - a staff of conjuration
Jewellery
 e - a +4 ring of protection (right branch)
 g - an amulet of guardian spirit
 k - a ring of willpower
 o - a ring of fire
 u - a ring of magical power (on tentacle)
 v - a ring of ice (on tentacle)
 w - a ring of protection from cold (on tentacle)
 B - a ring of ice
 C - an amulet of regeneration
 F - a ring of fire (on tentacle)
 I - an amulet of faith
 J - the ring "Rysoront" (on tentacle) {rPois rF+ Int+4}
   (You took it off a kobold demonologist on level 13 of the Dungeon)

   [ring of protection from fire]

   Int:       It affects your intelligence (+4).
   rF:        It protects you from fire.
   rPois:     It protects you from poison.
 K - a ring of wizardry (on tentacle)
 N - the amulet of the Four Winds (around neck) {rN+ Will+++ Clar}
   (You bought it in a shop on level 2 of the Orcish Mines)

   [amulet of nothing]

   rN:        It protects you from negative energy.
   Clar:      It protects you against confusion.
   Will:      It greatly increases your willpower.
 O - an amulet of magic regeneration
 S - a +4 ring of protection (left branch)
Wands
 s - a wand of charming (4)
 y - a wand of digging (3)
 z - a wand of flame (13)
 G - a wand of acid (6)
Scrolls
 d - 7 scrolls of immolation
 i - 6 scrolls of identify
 j - 4 scrolls of enchant armour
 l - 12 scrolls of teleportation
 x - a scroll of enchant weapon
 H - a scroll of fog
 L - 2 scrolls of brand weapon
 M - a scroll of summoning
 P - 2 scrolls of magic mapping
Potions
 f - 3 potions of magic
 m - a potion of attraction {unknown}
 n - 7 potions of brilliance
 t - a potion of resistance
 D - 2 potions of haste {unknown}
 E - 5 potions of might


   Skills:
 + Level 2.5 Fighting
 + Level 1.9 Short Blades
 + Level 2.1 Staves
 + Level 4.4 Dodging
 + Level 5.9 Stealth
 + Level 6.0 Shields
 + Level 15.2 Spellcasting
 + Level 13.4 Conjurations
 + Level 6.9 Hexes
 + Level 5.2 Summonings
 + Level 4.6 Necromancy
 + Level 2.4 Translocations
 + Level 1.0 Transmutations
 + Level 14.3 Fire Magic
 + Level 7.5 Ice Magic
 - Level 6.0 Air Magic
 + Level 3.3 Poison Magic
 - Level 7.5 Invocations
 + Level 0.6 Evocations


You had one spell level left.
You knew the following spells:

 Your Spells              Type           Power      Damage    Failure   Level
a - Foxfire               Conj/Fire      100%       2x1d9     0%          1
b - Conjure Flame         Conj/Fire      100%       6-21      1%          3
c - Inner Flame           Hex/Fire       100%       N/A       1%          3
d - Flame Wave            Conj/Fire      100%       2d17      1%          4
e - Scorch                Fire           100%       2d10      0%          2
f - Summon Guardian Gole  Hex/Summ       52%        N/A       1%          3
g - Dispel Undead         Necr           45%        3d17      1%          4
h - Swiftness             Air            52%        N/A       1%          3
i - Mephitic Cloud        Conj/Pois/Air  57%        N/A       1%          3
j - Ignite Poison         Fire/Tmut/Pois 89%        N/A       1%          3
k - Freezing Cloud        Conj/Ice/Air   40%        6-21      1%          5
l - Iskenderun's Mystic   Conj/Tloc      59%        2d12      1%          4
m - Blink                 Tloc           66%        N/A       1%          2
n - Airstrike             Air            26%        N/A       1%          4

Your spell library contained the following spells:

 Spells                   Type           Power      Damage    Failure   Level
 Beastly Appendage        Tmut           52%        N/A       1%          1
 Slow                     Hex            100%       N/A       1%          1
 Summon Small Mammal      Summ           100%       N/A       1%          1
 Call Imp                 Summ           49%        N/A       1%          2
 Corpse Rot               Necr/Air       98%        N/A       1%          2
 Ensorcelled Hibernation  Hex/Ice        100%       N/A       1%          2
 Passwall                 Tmut/Erth      19%        N/A       1%          2
 Sublimation of Blood     Necr           45%        N/A       1%          2
 Call Canine Familiar     Summ           49%        N/A       1%          3
 Confusing Touch          Hex            55%        N/A       1%          3
 Dazzling Flash           Conj/Hex       100%       N/A       1%          3
 Gell's Gravitas          Tloc           33%        N/A       1%          3
 Lesser Beckoning         Tloc           33%        N/A       1%          3
 Portal Projectile        Hex/Tloc       92%        N/A       1%          3
 Teleport Other           Tloc           33%        N/A       1%          3
 Vampiric Draining        Necr           45%        2d9       1%          3
 Animate Dead             Necr           22%        N/A       1%          4
 Sticky Flame             Conj/Fire      100%       2d11      1%          4
 Summon Ice Beast         Ice/Summ       70%        N/A       1%          4
 Summon Lightning Spire   Summ/Air       50%        N/A       1%          4
 Irradiate                Conj/Tmut      28%        3d23      1%          5
 Lightning Bolt           Conj/Air       32%        1d49      1%          5
 Ice Form                 Ice/Tmut       60%        N/A       2%          4
 Silence                  Hex/Air        26%        N/A       2%          5
 Petrify                  Tmut/Erth      23%        N/A       11%         4
 Manifold Assault         Tloc           33%        N/A       13%         5
 Borgnjor's Vile Clutch   Necr/Erth      16%        N/A       14%         5
 Summon Cactus Giant      Summ           24%        N/A       22%         6
 Death Channel            Necr           22%        N/A       28%         6
 Lee's Rapid Deconstruct  Erth           10%        3d9*      32%         5
 Summon Hydra             Summ           24%        N/A       73%         7
 Haunt                    Necr/Summ      23%        N/A       77%         7
 Dragon Form              Tmut           13%        N/A       99%         7
 Maxwell's Capacitive Co  Air            26%        ∞         99%         8
 Infestation              Necr           22%        N/A       100%        8
 Chain Lightning          Conj/Air       32%        3d42      100%        9


Dungeon Overview and Level Annotations

Branches:
Dungeon (15/15)            Temple (1/1) D:4            Lair (6/6) D:8
 Shoals (0/4) Lair:2       Spider (1/4) Lair:4        Slime (0/5) Lair:6
    Orc (2/2) D:11            Elf (1/3) Orc:2        Vaults (0/5) D:14
 Depths (0/4) D:15        Gauntlet (visited)

Altars:
Ashenzari
Dithmenos
Elyvilon
Fedhas
Gozag
Hepliaklqana
Kikubaaqudgha
Makhleb
Nemelex Xobeh
Okawaru
Qazlal
Sif Muna
Trog
Uskayaw
Vehumet
Wu Jian
Xom
Yredelemnul
Zin
Beogh

Shops:
D:13 !   Orc:2 =[(*

Portals:
Abyss: D:4


Innate Abilities, Weirdness & Mutations

You are a tree.
Your roots penetrate the ground, keeping you stationary.
You cannot be teleported.
You are immune to unholy pain and torment.
Your maximum health is greatly increased.
You cannot wear most types of armour.
((You are amphibious.))
You can wear up to eight rings at the same time.
((Your skin changes colour to match your surroundings (Stealth+).))
((Your rubbery body absorbs attacks. (AC +1, EV +1)))
((You are camouflaged when in or above water. (Stealth+)))
((You have tentacles for arms and can constrict up to eight enemies at once.))
((You are mostly covered in iridescent scales. (AC +4)))
You are very weak. (Str -4)


Message History

The foxfire hits the +4 halberd of venom but does no damage.
The +4 halberd of venom is moderately damaged.
The foxfire hits the +4 halberd of venom but does no damage.
The +4 halberd of venom is moderately damaged.
The +4 halberd of venom closely misses you.
The +4 halberd of venom hits you from afar!!
Casting: Airstrike (mildly dangerous; 1% risk of failure)
Confirm with . or Enter, or press ? or * to list all spells.
Aiming: Airstrike (mildly dangerous; 1% risk of failure)
Press: ? - help, Dir - move target, f/p - +4 halberd of venom
Aim: a +4 halberd of venom (moderately damaged, empty space bonus: 5/8)
The air twists around and strikes the +4 halberd of venom.
The +4 halberd of venom is heavily damaged.
The +4 halberd of venom hits you from afar!
Unknown command.
Casting: Airstrike (mildly dangerous; 1% risk of failure)
Confirm with . or Enter, or press ? or * to list all spells.
You erupt in a blast of force!
The mystic blast hits the +4 halberd of venom but does no damage.
The +4 halberd of venom is moderately damaged.
The +4 halberd of venom hits you from afar!
You are poisoned.
Casting: Iskenderun's Mystic Blast (mildly dangerous; 1% risk of failure)
Confirm with . or Enter, or press ? or * to list all spells.
You erupt in a blast of force!
The mystic blast hits the +4 halberd of venom but does no damage.
The +4 halberd of venom is moderately damaged.
You feel very sick.
The +4 halberd of venom hits you from afar.
You are lethally poisoned!
The +4 halberd of venom hits you from afar!
* * * LOW HITPOINT WARNING * * *
You are more poisoned.
Really quaff the potion of lignification?
You turn into a tree.
Your +2 hat melds into your body.
Your roots penetrate the ground.
* * * LOW HITPOINT WARNING * * *
You feel extremely sick.
The +4 halberd of venom hits you from afar!
You die...

##.#####.##'##########
#.#.).#.#.........
#.#...#.'.######+# #.'...#.#.#
... ##.#...#.#.# ... ##.#...#.#.#
.... ##.#...#.#.# ... .#
+.#...#.#.##########+###.
##.#...#.#......♣.(.§)§..
...#...#.#..........§§§...#
...#...#.#.########+#####.#..# .
## #...#.#.#..).........#.#..#...
.# #...'.#.#............#.#..#...
.#.#...#.'.#..####'###..#.#..#...
.#.#...#.#.#..#......#..#.#..#...
.#.#...#.#.#..+......'..#.#..#...
.#.#...#.#.#..#......#..'.#..#...


You could see a +4 halberd of venom.

Vanquished Creatures
  Gastronok (D:8)
  An orc warlord (Orc:1)
  A deep elf elementalist (Elf:1)
  A caustic shrike zombie (D:15)
  A minotaur (Gauntlet)
  An ettin (Orc:1)
  A fire dragon (D:15)
  Snorg (D:11)
  Josephine (D:10)
  5 vault guards (D:14)
  5 boulder beetles
  Fannar (Lair:2)
  2 catoblepae (Lair:6)
  9 hydras
  A merfolk avatar (Lair:6)
  8 centaur warriors
  2 death yaks (Lair:5)
  A dancing weapon (Elf:1)
  4 two-headed ogres
  4 orc high priests
  2 tengu warriors
  Nergalle (D:12)
  9 deep elf knights
  A fire crab (shapeshifter) (D:14)
  7 skeletal warriors
  A fire crab (Gauntlet)
  2 sea snakes (Lair:6)
  6 deep elf archers
  Pikel (D:8)
  A phantasmal warrior (D:15)
  A wizard (D:15)
  6 orc knights
  3 oklob plants
  8 deep elf pyromancers
  A necromancer (D:15)
  5 orc sorcerers
  A wolf spider (Lair:4)
  4 harpies (Lair:6)
  8 deep elf zephyrmancers (Elf:1)
  4 cyclopes
  A stone giant zombie (D:15)
  8 ugly things
  A shadow dragon skeleton (D:15)
  A manticore (D:14)
  10 elephants
  An apocalypse crab (Gauntlet)
  7 black mambas
  A fire giant skeleton (D:15)
  2 gargoyles
  Psyche (D:10)
  A torpor snail (Lair:5)
  Maggie (D:6)
  9 cane toads
  An unseen horror (D:12)
  A yaktaur (shapeshifter) (D:8)
  A kobold demonologist (D:13)
  A demonic crawler (Lair:4)
  7 rime drakes
  2 efreet (D:14)
  9 komodo dragons
  A freezing wraith (D:15)
  A tengu conjurer (D:14)
  3 burning bushes (Lair:5)
  3 trolls
  5 polar bears
  An ice devil (Gauntlet)
  2 merfolk
  A hornet (Lair:2)
  A raiju (shapeshifter) (D:13)
  A blink frog (shapeshifter) (D:10)
  A snapping turtle (shapeshifter) (D:14)
  12 blink frogs
  3 slime creatures (Lair:6)
  A jumping spider (Lair:4)
  A water elemental (Elf:1)
  40 yaks
  3 fire elementals
  9 wraiths
  8 basilisks
  2 fire bats (Gauntlet)
  5 wyverns
  2 steam dragons (Lair:6)
  Eustachio (D:4)
  6 vampire mosquitoes
  2 wargs
  Menkaure (D:4)
  14 water moccasins
  The ghost of Grim the Grave Robber, an amateur DENe (D:4)
  2 acid dragons
  3 black bears (D:8)
  2 sky beasts (D:7)
  A necrophage (D:4)
  20 orc warriors
  4 ogres
  3 ice beasts
  6 wolves
  11 centaurs
  2 lemures (D:8)
  2 phantoms (D:6)
  A kobold brigand (D:9)
  Blork the orc (D:4)
  16 bullfrogs
  3 scorpions
  A water moccasin skeleton (D:5)
  4 killer bees (D:9)
  2 nameless horrors (D:6)
  6 howler monkeys
  13 wights
  2 electric eels (Lair:2)
  A bullfrog zombie (D:5)
  A crimson imp (D:4)
  2 centaur zombies
  7 lava snakes (D:11)
  2 bullfrog skeletons
  An iron imp (D:4)
  3 jellies
  A hound (D:6)
  18 orc priests
  2 gnoll shamans
  2 centaur skeletons (D:5)
  3 iguanas
  20 orc wizards
  A hound zombie (D:5)
  A hound skeleton (D:4)
  12 gnolls
  10 adders
  2 shadow imps
  4 white imps
  An ufetubus (D:4)
  2 worms
  2 dart slugs
  61 orcs
  3 ball pythons
  5 endoplasms
  2 giant cockroaches
  2 goblins
  5 hobgoblins
  8 jackals
  3 quokkas
  4 bats
  3 frilled lizards
  5 kobolds
  8 rats
  4 bushes
  2 foxfires
638 creatures vanquished.

Vanquished Creatures (collateral kills)
  A boulder beetle (D:11)
  20 foxfires
21 creatures vanquished.

Vanquished Creatures (others)
  A boulder beetle (Lair:4)
  A hydra (D:15)
  2 death yaks (Lair:4)
  A sea snake (Lair:6)
  2 skeletal warriors
  A deep elf archer (Elf:1)
  A cyclops (D:13)
  A manticore (D:15)
  An ugly thing (D:12)
  An elephant (Lair:5)
  A troll (Orc:1)
  A yak (Lair:3)
  A warg (Orc:1)
  A water moccasin (Lair:1)
  2 howler monkeys (D:9)
  An orc priest (Orc:1)
  3 orc wizards
  2 orcs (D:11)
  8 bushes (Lair:6)
  4 demonic plants (Gauntlet)
  2444 foxfires
  72 fungi
  99 plants
  10 withered plants (D:15)
2661 creatures vanquished.

Grand Total: 3320 creatures vanquished

Notes
Turn   | Place    | Note
-------+----------+-------------------------------------------
     0 | D:1      | Conn the Octopode Fire Elementalist began the quest for the
                  | Orb.
     0 | D:1      | Reached XP level 1. HP: 11/11 MP: 3/3
   150 | D:1      | Reached XP level 2. HP: 17/17 MP: 1/5
   611 | D:1      | Reached XP level 3. HP: 21/21 MP: 3/6
   810 | D:1      | Found a faded altar of an unknown god.
  1186 | D:2      | Reached XP level 4. HP: 20/27 MP: 4/7
  1959 | D:3      | Found an opulent altar of Gozag.
  2612 | D:4      | Noticed Eustachio
  2694 | D:4      | Killed Eustachio
  2695 | D:4      | Reached skill level 3 in Spellcasting
  2695 | D:4      | Reached XP level 5. HP: 20/31 MP: 1/9
  2695 | D:4      | Reached XP level 6. HP: 23/36 MP: 1/10
  2832 | D:4      | Found a staircase to the Ecumenical Temple.
  2845 | Temple   | Entered the Ecumenical Temple
  2967 | Temple   | Became a worshipper of Sif Muna the Loreminder
  3055 | D:4      | Reached skill level 5 in Fire Magic
  3057 | D:4      | Gained mutation: You sometimes lose the ability to read
                  | scrolls when taking damage. [potion of mutation]
  3057 | D:4      | Gained mutation: You passively dampen the noise of your
                  | surroundings. [potion of mutation]
  3057 | D:4      | Gained mutation: You are strong-willed. (Will+) [potion of
                  | mutation]
  3355 | D:4      | Noticed Blork the orc
  3362 | D:4      | Killed Blork the orc
  3581 | D:4      | Found a transporter.
  3592 | D:4      | Found a transporter.
  3597 | D:4      | Noticed Grim's ghost (amateur DENe)
  3702 | D:4      | Found a one-way gate to the infinite horrors of the Abyss.
  3794 | D:4      | Noticed Menkaure
  3802 | D:4      | Killed Menkaure
  3803 | D:4      | Reached skill level 1 in Fighting
  3803 | D:4      | Reached XP level 7. HP: 23/43 MP: 4/12
  3973 | D:4      | Reached skill level 4 in Spellcasting
  4491 | D:4      | Reached skill level 5 in Stealth
  4528 | D:4      | Reached skill level 1 in Short Blades
  4529 | D:4      | Killed Grim's ghost
  4656 | D:5      | Entered Level 5 of the Dungeon
  4665 | D:5      | Reached skill level 5 in Conjurations
  4665 | D:5      | Reached XP level 8. HP: 41/48 MP: 14/14
  4885 | D:5      | Reached skill level 5 in Spellcasting
  5044 | D:5      | Reached * piety under Sif Muna
  5249 | D:5      | Learned a level 3 spell: Conjure Flame
  5253 | D:5      | Learned a level 3 spell: Inner Flame
  5258 | D:5      | Learned a level 4 spell: Flame Wave
  5261 | D:5      | Learned a level 2 spell: Scorch
  5265 | D:5      | Learned a level 3 spell: Summon Guardian Golem
  5456 | D:5      | Upgraded the game from 0.29-a0-67-g1d65ae1bb4 to
                  | 0.29-a0-96-g93358da72b
  5953 | D:6      | Reached XP level 9. HP: 54/54 MP: 13/17
  6085 | D:6      | Noticed a seven-headed hydra
  6174 | D:6      | Noticed a nameless horror
  6223 | D:7      | Reached skill level 6 in Spellcasting
  6483 | D:7      | Reached skill level 1 in Summonings
  6716 | D:7      | Found a broken altar of Ashenzari.
  6717 | D:7      | Found a white marble altar of Elyvilon.
  6779 | D:7      | Found a bloodstained altar of Trog.
  6791 | D:7      | Reached skill level 7 in Spellcasting
  7340 | D:6      | Killed a nameless horror
  7507 | D:6      | Noticed Maggie
  7524 | D:6      | Killed Maggie
  7784 | D:6      | Killed a seven-headed hydra
  7785 | D:6      | Reached skill level 1 in Hexes
  7785 | D:6      | Reached XP level 10. HP: 36/59 MP: 8/21
  7984 | D:8      | Noticed a two-headed ogre
  7992 | D:8      | Killed a two-headed ogre
  7993 | D:8      | Reached skill level 8 in Spellcasting
  8548 | D:8      | Noticed Pikel
  8556 | D:8      | Killed Pikel
  8904 | D:8      | Noticed a manticore
  8910 | D:8      | Noticed a steelbarb worm
  8910 | D:8      | a manticore changed into a steelbarb worm
  9148 | D:9      | Reached ** piety under Sif Muna
  9710 | D:9      | Reached XP level 11. HP: 64/64 MP: 4/23
  9824 | D:9      | Learned a level 4 spell: Dispel Undead
  9828 | D:9      | Learned a level 3 spell: Swiftness
 10041 | D:9      | Learned a level 3 spell: Mephitic Cloud
 10108 | D:9      | Reached skill level 9 in Spellcasting
 10197 | D:9      | Reached skill level 1 in Air Magic
 10620 | D:9      | Noticed a tengu warrior
 10631 | D:9      | Reached skill level 1 in Necromancy
 10647 | D:9      | Killed a tengu warrior
 10990 | D:8      | Reached skill level 1 in Staves
 11228 | D:8      | Reached *** piety under Sif Muna
 11272 | D:8      | Found a staircase to the Lair.
 11275 | D:8      | Noticed Gastronok
 11820 | D:8      | Killed Gastronok
 11821 | D:8      | Reached skill level 1 in Invocations
 12083 | D:10     | Entered Level 10 of the Dungeon
 12904 | D:10     | Noticed Josephine
 13127 | D:10     | Reached skill level 10 in Fire Magic
 13131 | D:10     | Killed Josephine
 13132 | D:10     | Reached skill level 10 in Conjurations
 13278 | D:10     | Learned a level 3 spell: Ignite Poison
 13420 | D:10     | Noticed Psyche
 13449 | D:10     | Killed Psyche
 13450 | D:10     | Reached skill level 10 in Spellcasting
 13745 | Lair:1   | Entered Level 1 of the Lair of Beasts
 13809 | Lair:1   | Reached XP level 12. HP: 70/70 MP: 6/26
 14805 | Lair:1   | Reached skill level 1 in Poison Magic
 15266 | Lair:2   | Paralysed by a hornet for 1 turns
 15366 | Lair:2   | Noticed Fannar
 15374 | Lair:2   | Killed Fannar
 15497 | Lair:2   | Noticed a seven-headed hydra
 15532 | Lair:2   | Killed a seven-headed hydra
 16541 | Lair:2   | Noticed a seven-headed hydra
 16581 | Lair:2   | Killed a seven-headed hydra
 16804 | Lair:2   | Found a staircase to the Shoals.
 16952 | Lair:2   | Reached skill level 5 in Hexes
 17876 | D:10     | Learned a level 5 spell: Freezing Cloud
 18071 | Lair:3   | Reached skill level 11 in Spellcasting
 18190 | Lair:3   | Noticed an eight-headed hydra
 18211 | Lair:3   | Killed an eight-headed hydra
 18212 | Lair:3   | Reached skill level 1 in Ice Magic
 18341 | Lair:3   | Reached skill level 5 in Invocations
 18578 | Lair:3   | Reached XP level 13. HP: 58/75 MP: 28/28
 19310 | Lair:3   | Reached **** piety under Sif Muna
 20189 | Lair:4   | Identified a scroll of acquirement
 20189 | Lair:4   | Acquired the +3 Elemental Staff {rElec rF++ rC++ AC+5}
 20189 | Lair:4   | Found the +3 Elemental Staff {rElec rF++ rC++ AC+5}
 20725 | Lair:4   | Found a hole to the Spider Nest.
 21480 | Lair:5   | Found a gate leading to a gauntlet.
 21489 | Gauntlet | Entered a Gauntlet
 21489 | Gauntlet | Found a transporter.
 21493 | Gauntlet | Found a transporter.
 21494 | Gauntlet | Found a transporter.
 21502 | Gauntlet | Found a transporter.
 21505 | Gauntlet | Found a transporter.
 21512 | Gauntlet | Found a transporter.
 21530 | Gauntlet | Found a transporter.
 21542 | Gauntlet | Found a transporter.
 21562 | Gauntlet | Found a transporter.
 21567 | Gauntlet | Found a transporter.
 21592 | Gauntlet | Found a transporter.
 21613 | Gauntlet | Found a transporter.
 21628 | Gauntlet | Found a transporter.
 21628 | Gauntlet | Found a transporter.
 21740 | Gauntlet | Lost mutation: You are strong-willed. (Will+) [potion of
                  | mutation]
 21740 | Gauntlet | Lost mutation: You sometimes lose the ability to read
                  | scrolls when taking damage. [potion of mutation]
 21740 | Gauntlet | Gained mutation: You are weak. (Str -2) [potion of
                  | mutation]
 21740 | Gauntlet | Gained mutation: You are partially covered in iridescent
                  | scales. (AC +2) [potion of mutation]
 21740 | Gauntlet | Gained mutation: You are frail. (-10% HP) [potion of
                  | mutation]
 21983 | Gauntlet | Identified the amulet "Tioxutru" {Faith -Tele rN+ Str+4
                  | Dex+4}
 22022 | Gauntlet | Learned a level 4 spell: Flame Wave
 22062 | Gauntlet | Noticed a minotaur
 22082 | Gauntlet | Killed a minotaur
 22279 | Lair:5   | Reached skill level 12 in Spellcasting
 22687 | Lair:5   | Reached XP level 14. HP: 72/72 MP: 30/30
 22698 | Lair:5   | Reached skill level 5 in Ice Magic
 22750 | Lair:5   | Reached ***** piety under Sif Muna
 23159 | Lair:5   | Lost mutation: You passively dampen the noise of your
                  | surroundings. [potion of mutation]
 23159 | Lair:5   | Lost mutation: You are frail. (-10% HP) [potion of
                  | mutation]
 23159 | Lair:5   | Gained mutation: You are mostly covered in iridescent
                  | scales. (AC +4) [potion of mutation]
 23159 | Lair:5   | Gained mutation: You are very weak. (Str -4) [potion of
                  | mutation]
 23217 | Lair:5   | Identified the +1 leather armour "Bumput" {Stlth+}
 23608 | Lair:6   | Entered Level 6 of the Lair of Beasts
 24485 | D:11     | Received a gift from Sif Muna
 24486 | D:11     | Got Sif Muna's Handbook of Dislocated Creation {god gift}
 24543 | D:11     | Learned a level 4 spell: Iskenderun's Mystic Blast
 24615 | D:11     | Noticed Snorg
 24647 | D:11     | Killed Snorg
 24672 | D:11     | Identified the +6 scimitar "Moifeyf" {vorpal, rF+ rC+}
 24926 | D:11     | Found a staircase to the Orcish Mines.
 25162 | D:11     | Found a sparkling altar of Nemelex Xobeh.
 25307 | Orc:1    | Entered Level 1 of the Orcish Mines
 25307 | Orc:1    | Noticed an orc warlord
 25326 | Orc:1    | Reached skill level 5 in Air Magic
 25335 | Orc:1    | Killed an orc warlord
 25969 | D:12     | Reached skill level 13 in Spellcasting
 26174 | D:12     | Noticed Nergalle
 26189 | D:12     | Killed Nergalle
 26484 | D:13     | Found Harinnub's Distillery.
 26664 | D:13     | Identified the ring "Rysoront" {rPois rF+ Int+4}
 27582 | D:14     | Reached XP level 15. HP: 82/86 MP: 22/32
 27841 | D:14     | Reached skill level 1 in Shields
 29057 | D:14     | Found a gate to the Vaults.
 29168 | D:15     | Entered Level 15 of the Dungeon
 29205 | D:15     | Reached skill level 5 in Summonings
 29487 | D:15     | Received a gift from Sif Muna
 29735 | D:15     | Found an ornate altar of the Wu Jian Council.
 30114 | D:15     | Learned a level 2 spell: Blink
 30454 | D:15     | Got Sif Muna's Grimoire of Hurtful Transmigration {god
                  | gift}
 30697 | D:15     | Reached skill level 1 in Translocations
 30816 | D:15     | Found a staircase to the Depths.
 32060 | Lair:6   | Reached skill level 14 in Spellcasting
 32665 | Lair:6   | Identified the +10 trident of Eternal Vigilance {vorpal,
                  | +Blink rPois Int-5}
 32674 | Lair:6   | Identified the +6 trident of the Asp {venom, Fragile rF+
                  | rC+ Dex+4}
 32703 | Lair:6   | Reached XP level 16. HP: 74/91 MP: 34/34
 33244 | Lair:6   | Found a staircase to the Slime Pits.
 33417 | Lair:6   | Reached skill level 5 in Shields
 34807 | Orc:2    | Entered Level 2 of the Orcish Mines
 35029 | Orc:2    | Found a staircase to the Elven Halls.
 36043 | Orc:2    | Found Xeiwub's Jewellery Shoppe.
 36043 | Orc:2    | Found Rigigere's Armour Boutique.
 36045 | Orc:2    | Found Pezian Humn's Weapon Shoppe.
 36045 | Orc:2    | Found Woafitz's General Store.
 36063 | Orc:2    | Bought the amulet of the Four Winds {rN+ Will+++ Clar} for
                  | 526 gold pieces
 36063 | Orc:2    | Found the amulet of the Four Winds {rN+ Will+++ Clar}
 36085 | Orc:2    | Bought a +4 ring of protection for 432 gold pieces
 36671 | Spider:1 | Entered Level 1 of the Spider Nest
 37113 | Elf:1    | Entered Level 1 of the Elven Halls
 37116 | Elf:1    | Received a gift from Sif Muna
 37118 | Elf:1    | Got Sif Muna's Disquisition on Ashen Feathers {god gift}
 37124 | Elf:1    | Learned a level 4 spell: Airstrike
 37709 | Elf:1    | Reached skill level 15 in Spellcasting
 37840 | Elf:1    | Reached skill level 1 in Transmutations
 38755 | Elf:1    | Slain by a +4 halberd of venom

Illustrated notes

Levels and vault maps discovered:
D:1:      onia_arrival_handbag, layout_basic,
          hellmonk_ecumenical_altar_pennies_from_heaven
D:2:      layout_basic, serial_rivers, chequers_serial_rivers_micro_a,
          chequers_serial_rivers_room_a, chequers_serial_rivers_micro_d,
          chequers_serial_rivers_large_a, chequers_serial_rivers_room_b
D:3:      layout_rooms, lemuel_doored_altar, minmay_circle_x
D:4:      layout_gridville, minmay_temple_entry_gardened_gates,
          gammafunk_ghost_abyssal_escape, minmay_manual_monstrance,
          uniq_menkaure, uniq_blork_the_orc, uniq_eustachio
D:5:      layout_cave_pools
D:6:      layout_basic, uniq_maggie
D:7:      layout_cave_pools, grunt_temple_overflow_open
D:8:      layout_gridville, due_lair_maze_entry_diamond, uniq_pikel,
          uniq_gastronok
D:9:      layout_long_grid, kennysheep_generic_room_3
D:10:     layout_cave_pods, uniq_josephine, uniq_psyche
D:11:     erik_rubicon_a, layout_irregular_city, orc_0_dummy,
          nemelex_spade_bored_becter, uniq_snorg
D:12:     layout_cross, uniq_nergalle
D:13:     layout_gridville, serial_shops,
          nicolae_shop_temple_entry_statues_fountains
D:14:     layout_roguey, grunt_vaults_entry_fortified, hangedman_decor_opposing,
          hangedman_fish_farm
D:15:     gammafunk_depths_entry_grave, layout_rooms, minmay_misc_feat_rugged,
          nzn_wu_jian_council_hall
Temple:   dpeg_five_rooms_temple
Lair:1:   layout_misc_corridors, beast_lair_carwin_7, grunt_megastairs_5
Lair:2:   layout_cave_pods, elwin_shoals_entry_rooms, uniq_fannar
Lair:3:   layout_chaotic_city, serial_rivers, chequers_serial_rivers_large_b,
          chequers_serial_rivers_marsh, chequers_serial_rivers_room_b,
          chequers_serial_rivers_micro_e, chequers_serial_rivers_small_a,
          chequers_serial_rivers_micro_e
Lair:4:   layout_concentric_octagons, spider_nest_entry_rubble,
          grunt_megastairs_2
Lair:5:   layout_regular_city, gauntlet_entry_generic, columned_hall_lemuel,
          evilmike_ambush [evilmike_ambush_outer_corners,
          evilmike_ambush_inner_basic]
Lair:6:   gammafunk_lair_ancient_temple, layout_hall_layers,
          minmay_slime_entry_pillars, minmay_lair_oklob_bushes,
          grunt_megastairs_3
Spider:1: layout_spider_delve, hive_lemuel
Orc:1:    layout_caves, minmay_orc_temple_b
Orc:2:    grunt_orc_tribal_feast, layout_diamond_mine, mines2_david
Elf:1:    layout_onion_city, orc_legates, grunt_megastairs_4

Skill      XL: |  1  2  3  4  5  6  7  8  9 10 11 12 13 14 15 16 |
---------------+-------------------------------------------------+-----
Stealth        | 3 4 5 |  5.9
Fire Magic     | 4 5 6 7 9 10 11 12 13 14 | 14.3
Spellcasting   | 3 4 5 7 8 10 11 12 13 14 15 | 15.2
Conjurations   | 2 3 5 6 8 9 10 11 12 13 | 13.4
Fighting       | 1 2 |  2.5
Short Blades   | 1 |  1.9
Summonings     | 3 4 5 |  5.2
Hexes          | 1 3 4 5 6 |  6.9
Air Magic      | 2 4 5 6 |  6.0
Necromancy     | 3 4 |  4.6
Staves         | 1 2 |  2.1
Dodging        | 3 4 |  4.4
Invocations    | 2 5 6 7 |  7.5
Poison Magic   | 1 2 3 |  3.3
Ice Magic      | 2 4 7 |  7.5
Shields        | 4 6 |  6.0
Translocations | 1 2 |  2.4
Transmutations | 1 |  1.0
Evocations     | |  0.6

Action                   |  1- 3 |  4- 6 |  7- 9 | 10-12 | 13-15 | 16-18 || total
-------------------------+-------+-------+-------+-------+-------+-------++-------
Melee: Unarmed           |     4 |     1 |       |       |       |       ||     5
       Tentacles         |     2 |     4 |     9 |    12 |    15 |     7 ||    49
       Constrict         |     1 |     2 |     9 |     8 |    10 |     8 ||    38
       Staff             |       |     5 |     5 |    40 |    47 |    19 ||   116
       Dagger            |       |       |    34 |     3 |       |     1 ||    38
       Punch             |       |       |       |     1 |     3 |       ||     4
Throw: Throwing net      |       |       |       |     1 |       |       ||     1
 Cast: Foxfire           |    49 |    94 |   180 |   309 |   514 |   257 ||  1403
       Scorch            |       |       |    28 |    85 |   248 |    50 ||   411
       Summon Guardian G |       |       |     3 |    17 |    49 |     3 ||    72
       Inner Flame       |       |       |     2 |    68 |   119 |    51 ||   240
       Conjure Flame     |       |       |     1 |     9 |    10 |     3 ||    23
       Flame Wave        |       |       |       |     6 |     5 |     7 ||    18
       Mephitic Cloud    |       |       |       |    25 |    53 |    20 ||    98
       Swiftness         |       |       |       |     3 |     1 |     1 ||     5
       Ignite Poison     |       |       |       |     1 |     7 |     2 ||    10
       Freezing Cloud    |       |       |       |       |    34 |     4 ||    38
       Iskenderun's Myst |       |       |       |       |    60 |    50 ||   110
       Airstrike         |       |       |       |       |       |     5 ||     5
       Blink             |       |       |       |       |       |     1 ||     1
Invok: Forget Spell      |       |       |       |     1 |       |       ||     1
       Channel Magic     |       |       |       |       |     3 |     2 ||     5
Evoke: Wand              |       |       |       |     1 |    10 |     1 ||    12
  Use: Potion            |       |     4 |     1 |     1 |    10 |     5 ||    21
       Scroll            |       |       |       |    14 |    17 |       ||    31
 Stab: Sleeping          |       |       |       |     1 |       |     1 ||     2
       Confused          |       |       |       |       |     1 |       ||     1
Armor: Skin              |       |       |    16 |    25 |   144 |    42 ||   227
Dodge: Dodged            |     4 |     3 |    30 |    72 |   232 |    79 ||   420
Block: Buckler           |       |       |       |       |    26 |    30 ||    56

Table legend: (Time is in decaauts)
 A = Elapsed time spent in this place.
 B = Non-inter-level travel time spent in this place.
 C = Inter-level travel time spent in this place.
 D = Time resting spent in this place.
 E = Time spent auto-exploring this place.
 F = Levels seen in this place.
 G = Mean time per level.
                   A        B        C        D        E       F      G
               +--------+--------+--------+--------+--------+-----+--------+
         Total |  38831 |  36334 |   2497 |   4798 |  22627 |  27 | 1438.2 |
       Dungeon |  22032 |  20660 |   1372 |   3004 |  12891 |  15 | 1468.8 |
        Temple |    197 |    122 |     75 |      0 |    109 |   1 |  197.0 |
          Lair |  12087 |  11109 |    978 |    955 |   7853 |   6 | 2014.5 |
   Spider Nest |      6 |      6 |      0 |      0 |      0 |   1 |    6.0 |
  Orcish Mines |   2163 |   2093 |     70 |    183 |    987 |   2 | 1081.5 |
   Elven Halls |   1642 |   1642 |      0 |    524 |    713 |   1 | 1642.0 |
      Gauntlet |    701 |    701 |      0 |    132 |     74 |   1 |  701.0 |
               +--------+--------+--------+--------+--------+-----+--------+

Top non-repeatable levels by time:
  Lair:2: 2632 daAuts
    D:14: 2531 daAuts
     D:9: 2257 daAuts
  Lair:6: 2157 daAuts
  Lair:4: 2107 daAuts
     D:8: 2107 daAuts
    D:11: 1984 daAuts
    D:10: 1882 daAuts
     D:4: 1855 daAuts
  Lair:5: 1848 daAuts
  Lair:1: 1725 daAuts
   Elf:1: 1642 daAuts
  Lair:3: 1615 daAuts
     D:6: 1383 daAuts
    D:15: 1304 daAuts
